Unix NetHack Version 5.0.0-0 post-release - last build May 17 2026 04:57:42 (dc50c8380fa5e20985bfe3072449f57b8d9895ef,branch:main).

Game began 2026-05-18 10:04:33, ended 2026-05-18 15:50:10.

Anarchos, lawful female dwarven Valkyrie

   ------------
   |...........        #---------------------------------
   |..........|        #....|..|..|..|..-....-..|..|..-.|
   |..........|  #   ###|...-..|..|..|..|....|..|..|. |.|
   |..........-####### #|...-----|-|-----....----..----.|
   |...<......|  ###### |...............................|Y@
   --.---------      ## |...-|----|---.......-+-----|--..Y
     ####           ### |...|...|....|{......|  |..|..|.|
        ####        #  #....|%%%|....|.......|  |..|..|.|
           ####    #####|...|]%%|._..|.......----|-----.|
            ###   #### #|...|%%%|....|....{.............|
        ----.----.-#   #|...|----------.------+--------.|
        |........>|#   #|...|.((.|    |.|.(](|   |....|.|
        |.........|#   #|...|(((.|    +.-.+((|   |....|.|
        |..........#   #|...-.((]|    |.|.(((|   |....-.|
        |.........|    #....-----------.---------------..
        -----------     |...............................|
                        ---------------------------------

Anarchos the Skirmisher     St:18 Dx:11 Co:20 In:9 Wi:9 Ch:8  Lawful
Dlvl:7  $:154 HP:0(65) Pw:3(3) AC:3  Xp:5 T:3911 

Latest messages:
 You already found a monster.  Use 'm' prefix to force another search.
 You already found a monster.  Use 'm' prefix to force another search.
 You already found a monster.  Use 'm' prefix to force another search.
 You miss the ape.
 The ape misses!
 The ape hits!
 The ape misses!
 You hit the ape.
 The ape hits!
 The ape hits again!
 The ape bites!
 You hit the ape!
 The ape hits!
 The ape hits again!
 The ape bites!
 You miss the ape.
 The ape hits!
 The ape hits again!
 The ape bites!
 You miss the ape.
 The ape hits!
 The ape hits again!
 The ape bites!
 You miss the ape.
 The ape hits!
 The ape hits again!
 The ape bites!
 You miss the ape.
 The ape hits!
 The ape misses!
 The ape bites!
 The ape misses!
 The ape misses!
 The ape bites!
 You miss the ape.
 The ape hits!
 The ape hits again!
 The ape misses!
 The ape hits!
 The ape just misses!
 The ape bites!
 You hit the ape!
 The ape hits!
 The ape hits again!
 The ape misses!
 The ape hits!
 The ape hits again!
 You die...
 Do you want your possessions identified? [ynq] (y) y
 Do you want to see your attributes? [ynq] (y) q

Inventory:
 Coins    ('$')
  $ - 154 gold pieces
 Weapons  (')')
  h - a +0 arrow
  F - 6 +0 elven arrows
  j - a blessed +3 dart
  i - a blessed +1 dart
  m - 14 +0 darts
  s - 11 +0 shuriken
  b - a blessed +0 dagger
  a - a +1 dwarvish spear (weapon in left hand)
  n - a +1 orcish dagger
  k - a +0 orcish dagger
  G - a +0 two-handed sword
 Armor    ('[')
  l - an uncursed +0 orcish helm (being worn)
  v - an uncursed +0 pair of leather gloves (being worn)
  c - a blessed +4 small shield (being worn)
  B - an uncursed +0 mummy wrapping
  g - a cursed +0 studded leather armor
 Scrolls  ('?')
  u - an uncursed scroll of confuse monster
  t - an uncursed scroll of earth
 Potions  ('!')
  r - a blessed potion of sleeping
 Rings    ('=')
  A - a cursed ring of hunger
 Tools    ('(')
  e - an uncursed bell
  p - an expensive camera (0:63)
  x - a magic marker (0:69)
  I - an uncursed magic whistle
 Gems/Stones  ('*')
  q - 2 uncursed worthless pieces of green glass
  z - an uncursed worthless piece of orange glass
  D - an uncursed worthless piece of red glass
  E - an uncursed worthless piece of yellowish brown glass

Anarchos the Valkyrie's attributes:

Background:
 You were a Skirmisher, a level 5 dwarven Valkyrie.
 You were lawful, on a mission for Tyr
 who was opposed by Odin (neutral) and Loki (chaotic).
 You were left-handed.
 You were in the Gnomish Mines, on level 7.
 You entered the dungeon 3911 turns ago.
 There was a new moon in effect when your adventure ended.
 You had 223 experience points, 97 more were needed to attain level 6.

Basics:
 You had 0 out of 65 hit points.
 You had all 3 energy points (spell power).
 Your armor class was 3.
 Your wallet contained 154 zorkmids.
 Autopickup was on for all types.

Final Characteristics:
 Your strength was 18 (limit:18/100).
 Your dexterity was 11 (limit:20).
 Your constitution was 20 (limit:20).
 Your intelligence was 9 (limit:16).
 Your wisdom was 9 (limit:16).
 Your charisma was 8 (limit:16).

Final Status:
 You weren't hungry.
 You were unencumbered.
 You were wielding a spear.
 You had basic skill with spear and could have enhanced that.

Final Attributes:
 You were piously aligned.
 You were cold resistant.
 You had infravision.
 You were stealthy.
 You are dead.

Miscellaneous:
 You didn't encounter any bones levels.
 Total elapsed playing time was 3 hours, 1 minute and 23 seconds.

Major events:
 Turn
    1: Anarchos the lawful dwarven Valkyrie entered the dungeon
 1262: attained the rank of Skirmisher (level 3)
 2038: entered the Gnomish Mines
 3383: reached Mine Town
 3911: killed by an ape

You didn't know any spells.

Skills:
 Fighting Skills
   bare handed combat [Unskilled]
   two weapon combat  [Unskilled]
   riding             [Unskilled]
 Weapon Skills
   dagger             [Basic]
   axe                [Unskilled]
   pick-axe           [Unskilled]
   short sword        [Unskilled]
   broadsword         [Unskilled]
   long sword         [Unskilled]
   two-handed sword   [Unskilled]
   saber              [Unskilled]
   hammer             [Unskilled]
   quarterstaff       [Unskilled]
   polearms           [Unskilled]
   spear              [Basic]
   trident            [Unskilled]
   lance              [Unskilled]
   sling              [Unskilled]
 Spellcasting Skills
   attack spells      [Unskilled]
   escape spells      [Unskilled]

Voluntary challenges:
 Character rerolling was not enabled.
 You never genocided any monsters.
 You never polymorphed an object.
 You never changed form.
 You used no wishes.
Achievements:
 You attained the rank of Skirmisher.
 You entered the Gnomish Mines.
 You entered Minetown.
 You entered a temple.
 You entered a shop.

 The Dungeons of Doom: levels 1 to 3
    Level 1:
       Many altars, a grave.
    Level 2:
       A grave.
    Level 3:
       A fountain, a sink.
       Stairs down to The Gnomish Mines.
 The Gnomish Mines: levels 4 to 7
    Level 4:
    Level 5:
    Level 6:
    Level 7: <- You were here.
       Many shops, a temple and an altar, some fountains.
       Final resting place for
          you, killed by an ape.


Vanquished creatures:
  a dingo
 an imp
  a violet fungus
  a kobold mummy
  a giant ant
  2 giant bats
  2 orc zombies
  a wererat
  3 iguanas
  4 coyotes
  a hobgoblin
  a giant rat
  a cave spider
  a brown mold
  a red mold
  2 gnomes
  a gecko
  4 jackals
  a fox
  a kobold
  4 goblins
  6 grid bugs
  6 lichens
  3 newts
50 creatures vanquished.

No species were genocided or became extinct.

Game over:
                       ----------
                      /          \
                     /    REST    \
                    /      IN      \
                   /     PEACE      \
                  /                  \
                  |     Anarchos     |
                  |      154 Au      |
                  | killed by an ape |
                  |                  |
                  |                  |
                  |                  |
                  |       2026       |
                 *|     *  *  *      | *
        _________)/\\_//(\/(/\)/\//\/|_)_______

Farvel Anarchos the Valkyrie...

You died in The Gnomish Mines on dungeon level 7 with 1361 points,
and 154 pieces of gold, after 3911 moves.
You were level 5 with a maximum of 65 hit points when you died.

